 Dungeon Crawl Stone Soup version 0.21.1-1-g345015f (webtiles) character file.

17335 beigtais the Thaumaturge (level 12, 0/64 HPs)
             Began as a Deep Elf Conjurer on July 24, 2018.
             Was an Elder of Vehumet.
             Slain by an orc warrior
             ... wielding a +1 trident of freezing
             ... led by an orc knight
              (34 damage)
             ... on level 2 of the Orcish Mines.
             The game lasted 02:00:11 (17457 turns).

beigtais the Thaumaturge (Deep Elf Conjurer)       Turns: 17457, Time: 02:00:12

Health: 0/64       AC:  9    Str:  5    XL:     12   Next: 18%
Magic:  21/30      EV: 18    Int: 28    God:    Vehumet [****..]
Gold:   837        SH:  0    Dex: 15    Spells: 13/36 levels left

rFire    x . .     SeeInvis .   m - +5 quarterstaff (chaos)
rCold    + . .     Gourm    .   (shield currently unavailable)
rNeg     . . .     Faith    .   a - +0 robe
rPois    .         Spirit   .   (no helmet)
rElec    .         Reflect  .   M - +2 cloak
rCorr    .         Harm     .   J - +0 pair of gloves
MR       +....                  N - +2 pair of boots
Stlth    +++.......             O - amulet of magic regeneration
HPRegen  0.20/turn              I - +2 ring of intelligence
MPRegen  0.47/turn              Q - ring of ice

@: no status effects
A: no striking features
a: Renounce Religion


You were on level 2 of the Orcish Mines.
You worshipped Vehumet.
Vehumet was greatly pleased with you.
You were not hungry.

You visited 3 branches of the dungeon, and saw 14 of its levels.
You also visited: Ice Cave.

You collected 837 gold pieces.

Inventory:

Hand Weapons
 j - a +1 dagger
 m - a +5 quarterstaff of chaos (weapon)
 w - a +0 blowgun
 U - a +5 quick blade of freezing
Missiles
 f - 316 stones
 q - 6 javelins of penetration
 s - 11 tomahawks (quivered)
 x - 3 curare-tipped needles
 H - 12 poisoned needles
 V - 4 tomahawks of dispersal
Armour
 a - a +0 robe (worn)
 J - a +0 pair of gloves (worn)
 M - a +2 cloak (worn)
 N - a +2 pair of boots (worn)
Jewellery
 G - an uncursed amulet of faith
 I - a +2 ring of intelligence (left hand)
 O - an amulet of magic regeneration (around neck)
 Q - a ring of ice (right hand)
Wands
 h - a wand of acid (6)
 r - a wand of digging (8)
 t - a wand of random effects (19)
 y - a wand of flame (42)
 L - a wand of scattershot (5)
 T - a wand of polymorph (16)
Scrolls
 g - 6 scrolls of teleportation
 l - 2 scrolls of immolation
 n - a scroll of random uselessness {unknown}
 o - 3 scrolls of fog
 u - a scroll of enchant armour
 B - a scroll of blinking
 F - 3 scrolls of remove curse
 K - a scroll of magic mapping
 S - a scroll of amnesia
Potions
 d - a potion of berserk rage
 i - a potion of might
 p - a potion of cancellation
 v - a potion of mutation {unknown}
 z - 2 potions of brilliance
 A - 2 potions of lignification
 C - a potion of heal wounds
 D - 3 potions of curing
 P - 2 potions of magic
Books
 b - a book of Conjurations

   Spells                             Type                      Level
   a - Magic Dart                     Conjuration                  1
   b - Searing Ray                    Conjuration                  2
   c - Dazzling Spray                 Conjuration/Hexes            3
   d - Fulminant Prism                Conjuration/Hexes            4
   e - Force Lance                    Conjuration/Translocation    4
   f - Iskenderun's Mystic Blast      Conjuration                  4
 e - Jessica's Guide on Bewitchment
   (You found it on level 2 of the Dungeon)

   Spells                             Type                      Level
   a - Confusing Touch                Hexes                        1
   b - Corona                         Hexes                        1
 k - a book of Misfortune

   Spells                             Type                      Level
   a - Confusing Touch                Hexes                        1
   b - Confuse                        Hexes                        3
   c - Gell's Gravitas                Translocation                3
   d - Petrify                        Transmutation/Earth          4
   e - Metabolic Englaciation         Hexes/Ice                    5
   f - Yara's Violent Unravelling     Hexes/Transmutation          5
 E - a book of Cantrips

   Spells                             Type                      Level
   a - Confusing Touch                Hexes                        1
   b - Animate Skeleton               Necromancy                   1
   c - Summon Small Mammal            Summoning                    1
   d - Apportation                    Translocation                1
 R - a book of Battle

   Spells                             Type                      Level
   a - Infusion                       Charms                       1
   b - Shroud of Golubria             Charms/Translocation         2
   c - Song of Slaying                Charms                       2
   d - Spectral Weapon                Hexes/Charms                 3
   e - Regeneration                   Charms/Necromancy            3
Comestibles
 c - 7 rations


   Skills:
 + Level 3.3 Fighting
 + Level 6.1 Staves
 + Level 4.1 Throwing
 * Level 9.4 Dodging
 + Level 5.1 Stealth
 + Level 12.8 Spellcasting
 + Level 11.9 Conjurations
 + Level 8.6 Hexes
 + Level 3.4 Translocations
 + Level 0.5 Fire Magic
 * Level 1.2 Evocations


You had 13 spell levels left.
You knew the following spells:

 Your Spells              Type           Power        Failure   Level  Hunger
a - Confuse               Hex            ######..     1%          3    None
b - Searing Ray           Conj           ######       1%          2    None
c - Fulminant Prism       Conj/Hex       ######....   1%          4    None
d - Force Lance           Conj/Tloc      ######..     1%          4    None
e - Dazzling Spray        Conj/Hex       ######       1%          3    None
f - Conjure Flame         Conj/Fire      ######..     1%          3    None
g - Sticky Flame          Conj/Fire      ######..     1%          4    None


Dungeon Overview and Level Annotations

Branches:
Dungeon (11/15)            Temple (1/1) D:7            Lair (0/6) D:10
    Orc (2/2) D:11
    Elf: Orc:2

Altars:
Ashenzari
Cheibriados
Dithmenos
Fedhas
Hepliaklqana
Kikubaaqudgha
Okawaru
Qazlal
Ru
Sif Muna
Vehumet
Wu Jian
Xom
Yredelemnul
Zin
The Shining One
Beogh

Shops:
D:7 [


Message History

Casting: Fulminant Prism
Confirm with . or Enter, or press ? or * to list all spells.
Aiming: Fulminant Prism
Press: ? - help, Dir - move target cursor You conjure a prism of explosive energy!
The orc warrior hits you from afar with a trident of freezing!!
The orc warrior freezes you.
A large rock appears from out of your range of vision.
The large rock hits your fulminant prism!!
Your fulminant prism detonates feebly.
A two-headed ogre comes into view. It is wielding two giant spiked clubs.
You sock the ogre!
The ogre is poisoned.
The ogre is heavily wounded.
The orc warrior hits you from afar with a trident of freezing!
The orc knight roars a battlecry!
The orcs go into a battle-frenzy!
The ogre closely misses you.
The orc warrior hits you from afar with a trident of freezing!!
Ouch! That really hurt!
You die...

.....#.........
...............
...............
#.............
#.............
##..O..........
....$..........
..O..O.@.......
....(OO......#.
....(..#oo....#
....... ...o...
....... ......#
#$...## ......#
##.## #$...#.
## .....


You could see an orc knight, a two-headed ogre, an orc warrior, 4 ogres and an
orc.

Vanquished Creatures
  Erolcha (D:9)
  A hydra (D:11)
  Erica (D:8)
  4 two-headed ogres
  Pikel (D:4)
  Maurice (D:8)
  2 ice statues (IceCv)
  2 rime drakes (Orc:1)
  9 ice devils (IceCv)
  2 trolls
  The ghost of dscm the Chopper, an amateur HOGl of Beogh (D:5)
  Grinder (D:5)
  3 hippogriffs
  3 yaks (D:10)
  2 hungry ghosts
  Menkaure (D:4)
  Edmund (D:3)
  Duvessa (D:4)
  2 slaves (D:4)
  An ice beast (D:5)
  A black bear (D:11)
  3 sky beasts
  5 orc warriors
  3 phantoms
  2 necrophages
  9 ogres
  The ghost of Jaiteiro the Shooter, an amateur CeHu (D:3)
  The ghost of dscm the Chopper, an amateur HOGl (D:4)
  7 centaurs
  A crocodile (D:8)
  3 elf zombies (D:5)
  4 bullfrogs
  A gnoll sergeant (D:9)
  A scorpion (D:6)
  Dowan (D:4)
  5 wights (D:7)
  10 killer bees
  A howler monkey (D:5)
  2 bullfrog zombies
  4 crimson imps
  A centaur zombie (D:10)
  3 hounds
  2 jellies
  9 orc priests
  Crazy Yiuf (D:3)
  3 bullfrog skeletons
  2 centaur skeletons
  Jessica (D:2)
  3 human skeletons (D:5)
  Ijyb (D:5)
  Natasha (thrice) (D:3 D:6)
  14 orc wizards
  8 worker ants
  A killer bee zombie (D:5)
  5 gnolls (D:9)
  10 adders
  8 white imps (IceCv)
  7 ufetubi (IceCv)
  An ooze (D:6)
  An adder zombie (D:8)
  A worm (D:2)
  2 dart slugs (D:1)
  6 leopard geckos
  41 orcs
  7 giant cockroaches
  5 goblins
  5 hobgoblins
  4 jackals (D:1)
  A quokka (D:2)
  3 ball pythons
  10 bats
  6 frilled lizards
  A jackal skeleton (D:5)
  A jackal zombie (D:8)
  12 kobolds
  6 rats
300 creatures vanquished.

Vanquished Creatures (others)
  A reaper (IceCv)
  A slave (D:4)
  2 white imps (IceCv)
  4 ufetubi (IceCv)
  150 fulminant prisms
158 creatures vanquished.

Grand Total: 458 creatures vanquished

Notes
Turn   | Place    | Note
-------+----------+-------------------------------------------
     0 | D:1      | beigtais the Deep Elf Conjurer began the quest for the Orb.
     0 | D:1      | Reached XP level 1. HP: 10/10 MP: 6/6
   271 | D:1      | Reached XP level 2. HP: 15/15 MP: 6/8
   478 | D:1      | Reached skill level 5 in Conjurations
   952 | D:1      | Learned a level 2 spell: Searing Ray
   975 | D:1      | Reached XP level 3. HP: 19/19 MP: 7/9
  1446 | D:2      | Noticed Jessica
  1457 | D:2      | Killed Jessica
  1457 | D:2      | Reached XP level 4. HP: 23/24 MP: 6/11
  1461 | D:2      | Identified Jessica's Guide on Bewitchment
  1875 | D:2      | Found a blossoming altar of Fedhas.
  2098 | D:2      | Reached skill level 4 in Spellcasting
  2196 | D:2      | Found a glowing silver altar of Zin.
  2426 | D:3      | Noticed Jaiteiro's ghost (amateur CeHu)
  2436 | D:3      | Killed Jaiteiro's ghost
  2436 | D:3      | Reached XP level 5. HP: 22/28 MP: 1/14
  2544 | D:3      | Learned a level 4 spell: Fulminant Prism
  2549 | D:3      | Learned a level 4 spell: Force Lance
  2554 | D:3      | Noticed Natasha
  2568 | D:3      | Killed Natasha
  2724 | D:3      | Reached skill level 5 in Spellcasting
  2938 | D:3      | Found a runed door.
  2946 | D:3      | Learned a level 3 spell: Dazzling Spray
  2946 | D:3      | Noticed Crazy Yiuf
  2952 | D:3      | Killed Crazy Yiuf
  3168 | D:3      | Noticed Natasha
  3173 | D:3      | Killed Natasha
  3173 | D:3      | Reached XP level 6. HP: 32/32 MP: 10/15
  3658 | D:4      | Noticed dscm's ghost (amateur HOGl)
  3661 | D:4      | Noticed Edmund
  3700 | D:4      | Found a sacrificial altar of Ru.
  3700 | D:4      | Found a shattered altar of Ashenzari.
  3700 | D:4      | Found a stormy altar of Qazlal.
  3700 | D:4      | Found an iron altar of Okawaru.
  3706 | D:4      | Found a deep blue altar of Sif Muna.
  3706 | D:4      | Found a shimmering altar of Xom.
  3862 | D:4      | Noticed Menkaure
  3875 | D:4      | Reached skill level 1 in Staves
  4086 | D:3      | Killed Edmund
  4217 | D:4      | Reached skill level 1 in Fighting
  4217 | D:4      | Reached skill level 6 in Spellcasting
  4217 | D:4      | Reached XP level 7. HP: 38/38 MP: 15/18
  4246 | D:4      | Noticed Pikel
  4253 | D:4      | Killed Pikel
  4253 | D:4      | Reached skill level 7 in Spellcasting
  4253 | D:4      | Reached skill level 1 in Hexes
  4253 | D:4      | Reached XP level 8. HP: 44/44 MP: 7/20
  4562 | D:4      | Killed Menkaure
  4823 | D:4      | Killed dscm's ghost
  4954 | D:4      | Noticed Dowan
  4956 | D:4      | Noticed Duvessa
  4963 | D:4      | Killed Dowan
  4974 | D:4      | Killed Duvessa
  4974 | D:4      | Reached skill level 5 in Dodging
  4974 | D:4      | Reached skill level 8 in Spellcasting
  5735 | D:5      | Entered Level 5 of the Dungeon
  5945 | D:5      | You fall through a shaft for 3 floors!
  5945 | D:8      | Noticed a hippogriff
  5955 | D:8      | Killed a hippogriff
  6313 | D:7      | Reached XP level 9. HP: 49/49 MP: 14/23
  6681 | D:6      | Found a glowing golden altar of the Shining One.
  6962 | D:7      | Found a staircase to the Ecumenical Temple.
  6972 | Temple   | Entered the Ecumenical Temple
  6982 | Temple   | Became a worshipper of Vehumet
  7267 | D:5      | Reached skill level 1 in Throwing
  7267 | D:5      | Reached skill level 9 in Spellcasting
  7792 | D:5      | Noticed Ijyb
  7807 | D:5      | Killed Ijyb
  8121 | D:5      | Noticed dscm's ghost (amateur HOGl)
  8258 | D:6      | Reached * piety under Vehumet
  8258 | D:6      | Offered knowledge of Sandblast by Vehumet.
  8309 | D:6      | Reached skill level 1 in Translocations
  8365 | D:6      | Noticed Natasha
  8370 | D:6      | Killed Natasha
  8602 | D:5      | Killed dscm's ghost
  8602 | D:5      | Reached skill level 10 in Spellcasting
  8602 | D:5      | Reached skill level 5 in Hexes
  8785 | D:5      | Got a slimy leather armour
  8902 | D:5      | Noticed Grinder
  8907 | D:5      | Killed Grinder
  9668 | D:6      | Reached XP level 10. HP: 56/56 MP: 21/26
  9917 | D:6      | Offered knowledge of Freeze by Vehumet.
 10026 | D:7      | Found Lupt's Armour Shop.
 10089 | D:7      | Reached ** piety under Vehumet
 10109 | D:7      | Found a hazy altar of Hepliaklqana.
 10410 | D:7      | Found an ornate altar of the Wu Jian Council.
 10771 | D:8      | Noticed Erica
 10820 | D:8      | Killed Erica
 10904 | D:8      | Identified the cursed +1 leather armour of Awny {*Drain *Slow rCorr Str+10} (You found it on level 5 of the Dungeon)
 11027 | D:8      | Reached skill level 10 in Conjurations
 11070 | D:8      | Noticed Maurice
 11364 | D:8      | Killed Maurice
 11908 | D:8      | Reached skill level 11 in Spellcasting
 12231 | D:9      | Noticed Erolcha
 12419 | D:9      | Killed Erolcha
 12503 | D:9      | Found a blossoming altar of Fedhas.
 12772 | D:9      | Learned a level 3 spell: Confuse
 12830 | D:9      | Found a snail-covered altar of Cheibriados.
 12957 | D:9      | Offered knowledge of Throw Flame by Vehumet.
 13070 | D:9      | Found a shadowy altar of Dithmenos.
 13271 | D:10     | Entered Level 10 of the Dungeon
 13274 | D:10     | Reached skill level 5 in Stealth
 13355 | D:10     | Noticed a two-headed ogre
 13366 | D:10     | Killed a two-headed ogre
 13366 | D:10     | Reached XP level 11. HP: 60/60 MP: 15/28
 13390 | D:9      | Reached *** piety under Vehumet
 13469 | D:10     | Reached skill level 5 in Staves
 13566 | D:10     | Noticed a two-headed ogre
 13743 | D:10     | Killed a two-headed ogre
 13974 | D:10     | Offered knowledge of Conjure Flame by Vehumet.
 13979 | D:10     | Learned a level 3 spell: Conjure Flame
 14113 | D:10     | Found a staircase to the Lair.
 14280 | D:10     | Reached skill level 12 in Spellcasting
 14335 | D:11     | Noticed a two-headed ogre
 14344 | D:10     | Killed a two-headed ogre
 14936 | D:11     | Noticed a five-headed hydra
 14943 | D:11     | Killed a five-headed hydra
 15147 | D:11     | Found a staircase to the Orcish Mines.
 15166 | D:11     | Found a roughly hewn altar of Beogh.
 15173 | Orc:1    | Entered Level 1 of the Orcish Mines
 15173 | Orc:1    | Noticed a two-headed ogre
 15179 | Orc:1    | Killed a two-headed ogre
 15188 | Orc:1    | Reached **** piety under Vehumet
 15443 | Orc:1    | Offered knowledge of Sticky Flame by Vehumet.
 15658 | Orc:1    | Found a frozen archway.
 15757 | Orc:1    | Learned a level 4 spell: Sticky Flame
 15758 | IceCv    | Entered an ice cave
 15827 | IceCv    | Killed a reaper
 16028 | IceCv    | Reached XP level 12. HP: 34/64 MP: 4/30
 16687 | IceCv    | Reached skill level 1 in Evocations
 17450 | Orc:2    | Entered Level 2 of the Orcish Mines
 17456 | Orc:2    | Noticed a two-headed ogre
 17457 | Orc:2    | Slain by an orc warrior

Skill      XL: |  1  2  3  4  5  6  7  8  9 10 11 12 |
---------------+-------------------------------------+-----
Conjurations   | 5 6 7 8 9 10 11 | 11.9
Dodging        | 3 4 5 7 8 9 |  9.4
Spellcasting   | 4 5 6 7 8 10 11 12 | 12.8
Stealth        | 3 4 5 |  5.1
Staves         | 1 2 3 4 6 |  6.1
Fighting       | 1 2 3 |  3.3
Hexes          | 1 4 5 7 8 |  8.6
Throwing       | 1 3 4 |  4.1
Translocations | 1 2 3 |  3.4
Evocations     | 1 |  1.2
Fire Magic     | |  0.5

Action                   |  1- 3 |  4- 6 |  7- 9 | 10-12 || total
-------------------------+-------+-------+-------+-------++-------
Melee: Dagger            |     9 |     1 |    13 |       ||    23
       Quarterstaff      |       |    10 |    32 |    99 ||   141
 Fire: Blowgun           |       |     4 |       |       ||     4
Throw: Stone             |       |     4 |       |       ||     4
       Tomahawk          |       |       |     9 |    17 ||    26
 Cast: Magic Dart        |    62 |    49 |    35 |     3 ||   149
       Searing Ray       |       |     7 |    11 |       ||    18
       Dazzling Spray    |       |     2 |    16 |    50 ||    68
       Fulminant Prism   |       |     9 |    53 |    88 ||   150
       Force Lance       |       |       |    35 |    87 ||   122
       Sticky Flame      |       |       |       |     7 ||     7
       Conjure Flame     |       |       |       |     1 ||     1
Evoke: Wand              |       |       |     2 |     1 ||     3
  Use: Potion            |     5 |     1 |     4 |     6 ||    16
       Scroll            |     4 |     2 |     8 |    10 ||    24
 Stab: Sleeping          |     2 |     2 |     1 |     1 ||     6
       Paralysed         |       |       |       |     1 ||     1
  Eat: Chunk             |     1 |     8 |     2 |    12 ||    23
       Ration            |       |     1 |     5 |     4 ||    10
Armor: Robe              |       |     3 |    10 |    31 ||    44
Dodge: Dodged            |    17 |    10 |    69 |   118 ||   214
